Los Angeles Kings vs San Jose Sharks
Created - Saturday, May 13, 2023 at 07:00
Goals
|
| Los Angeles Kings |
1 |
0 |
0 |
1 |
| San Jose Sharks |
0 |
2 |
3 |
5 |
|
Shots
|
| Los Angeles Kings |
8 |
8 |
8 |
24 |
| San Jose Sharks |
10 |
12 |
16 |
38 |
|
1st period
1. Los Angeles Kings , Peyton Krebs 10 (Rasmus Sandin 5, Jakub Zboril 5) at 18:04
Penalties :
No Penalty
2nd period
2. San Jose Sharks , William Karlsson 22 (Ryan Hartman 38, Marc-Andre Fleury) at 4:18 (PP)
3. San Jose Sharks , William Karlsson 23 (Oliver Bjorkstrand 26, Ryan Hartman 39) at 15:48 (PP)
Penalties :
Evan Polei (LAK) for Delaying the game (Minor) at 3:49, Jacob Middleton (SJS) for Hooking (Minor) at 8:40, Erik Brannstrom (LAK) for Holding Stick (Minor) at 14:41
3rd period
4. San Jose Sharks , Jakob Silfverberg 17 (Michael Bunting 20, Derek Forbort 17) at 2:58
5. San Jose Sharks , Ryan Hartman 23 (Oliver Bjorkstrand 27, Derek Forbort 18) at 4:24 (PP)
6. San Jose Sharks , Sonny Milano 9 (Oliver Bjorkstrand 28, Derek Forbort 19) at 18:55 (PP)
Penalties :
Jakub Zboril (LAK) for Roughing (Double Minor) at 3:21, Erik Brannstrom (LAK) for Hooking (Minor) at 7:39, K'Andre Miller (LAK) for Hooking (Minor) at 10:04, Jacob Middleton (SJS) for Elbowing (Minor) at 16:46, Nicklas Backstrom (LAK) for Hooking (Minor) at 18:20
Goalie Stats
Jonas Johansson (LAK), 33 saves from 38 shots - (0.868), L, 1-2-0, 60:00 minutes
Marc-Andre Fleury (SJS), 23 saves from 24 shots - (0.958), W, 13-16-1, 60:00 minutes
Players Stats for Los Angeles Kings
Player Name G A P +/- PIM S H SB GA TA FO MP PP MP PK MP
------------------------------------------------------------------------------------
Andrei Svechnikov 0 0 0 0 0 4 3 0 1 0 0/0 15:09 1:29 0:00
Cooper Marody 0 0 0 0 0 3 3 0 0 0 5/7 11:50 0:00 3:59
Dominik Kubalik 0 0 0 0 0 2 1 0 0 0 0/3 15:15 1:55 0:07
Erik Brannstrom 0 0 0 0 4 0 1 1 1 2 0/0 21:02 1:51 2:28
Evan Polei 0 0 0 0 2 0 1 0 0 0 2/4 12:39 0:15 4:35
Jakub Zboril 0 1 1 1 4 1 1 1 0 2 0/0 14:31 0:00 0:00
K'Andre Miller 0 0 0 -1 2 0 1 2 0 0 0/0 21:55 1:42 3:23
Kirby Dach 0 0 0 0 0 1 0 0 0 0 2/2 15:36 1:55 0:00
Matt Tennyson 0 0 0 0 0 1 0 0 1 0 0/0 7:19 0:00 0:00
Mike Matheson 0 0 0 0 0 3 2 1 3 1 0/0 22:59 1:51 4:18
Nicklas Backstrom 0 0 0 0 2 2 0 0 0 0 9/19 14:57 1:54 0:00
Noah Dobson 0 0 0 -1 0 0 0 2 2 1 0/0 22:45 1:42 4:36
Peyton Krebs 1 0 1 0 0 5 2 2 1 1 6/12 17:12 0:11 4:40
Rasmus Sandin 0 1 1 1 0 2 3 0 0 1 0/0 17:21 0:00 2:47
Ryan Reaves 0 0 0 0 0 0 0 0 0 0 0/0 13:11 0:00 0:21
Seth Jarvis 0 0 0 0 0 0 1 0 0 0 1/12 15:25 1:32 0:00
Tyler Gaudet 0 0 0 0 0 0 2 0 0 0 1/2 15:05 1:27 0:00
Vitaly Kravtsov 0 0 0 0 0 0 3 0 0 0 0/0 16:32 0:00 3:50
Players Stats for San Jose Sharks
Player Name G A P +/- PIM S H SB GA TA FO MP PP MP PK MP
------------------------------------------------------------------------------------
Andreas Athanasiou 0 0 0 0 0 1 0 0 2 0 6/7 14:19 0:00 1:37
David Savard 0 0 0 0 0 0 3 3 0 0 0/0 18:27 0:02 1:44
Derek Forbort 0 3 3 0 0 0 4 1 0 2 0/0 23:26 4:10 1:44
Henri Jokiharju 0 0 0 0 0 0 0 1 1 1 0/0 21:01 4:08 1:49
Jacob Middleton 0 0 0 0 4 3 5 1 0 2 0/0 18:47 4:38 0:00
Jakob Silfverberg 1 0 1 1 0 4 1 0 0 0 0/0 18:04 4:11 0:00
Jesper Fast 0 0 0 0 0 0 0 0 0 0 1/1 15:05 0:23 1:56
Joel Edmundson 0 0 0 0 0 3 1 1 0 1 0/0 21:44 4:36 1:49
Michael Bunting 0 1 1 1 0 4 0 0 0 0 0/1 17:50 4:01 0:00
Mike Hoffman 0 0 0 0 0 0 0 1 1 0 0/0 7:18 0:23 0:00
Nick Paul 0 0 0 1 0 1 0 0 0 0 8/15 17:50 4:01 0:00
Oliver Bjorkstrand 0 3 3 -1 0 3 0 0 1 0 0/2 18:16 4:22 0:00
Rem Pitlick 0 0 0 0 0 1 0 0 0 1 3/6 8:46 0:00 1:56
Ryan Hartman 1 2 3 -1 0 6 3 0 1 1 15/26 18:23 4:12 0:00
Slater Koekkoek 0 0 0 0 0 2 2 1 0 1 0/0 16:36 0:00 0:00
Sonny Milano 1 0 1 0 0 2 0 0 0 0 0/0 7:26 0:31 0:00
Tanner Pearson 0 0 0 0 0 2 2 0 0 0 0/0 14:19 0:00 1:37
William Karlsson 2 0 2 -1 0 6 0 2 2 0 2/3 18:23 4:12 0:00
3 Stars
1 - Ryan Hartman (SJS)
2 - Derek Forbort (SJS)
3 - William Karlsson (SJS)
Power Play
Los Angeles Kings - 0 on 2 Attempt(s) - 0.00%
San Jose Sharks - 4 on 7 Attempt(s) - 57.14%
Penalty Kill
Los Angeles Kings - 3 on 7 Attempt(s) - 42.86%
- Score 0 goal in Penalty Kill
San Jose Sharks - 2 on 2 Attempt(s) - 100.00%
- Score 0 goal in Penalty Kill
Team Stat
Los Angeles Kings - Hits : 24 - Faceoff Wins : 26 - Blocked Shots : 9 - Penalty Minutes : 14
San Jose Sharks - Hits : 21 - Faceoff Wins : 35 - Blocked Shots : 11 - Penalty Minutes : 4
Official
Referees : Kyle Rehman and Tom Kowal
Linesman : Scott Cherrey and Brad Kovachik
Game Notes
No Game Note
Finance
Level 1 -- Attendance: 5949 (99.15%) -- Ticket Income $577,053
Level 2 -- Attendance: 4939 (98.78%) -- Ticket Income $281,523
Level 3 -- Attendance: 2674 (89.13%) -- Ticket Income $88,242
Level 4 -- Attendance: 5000 (100.00%) -- Ticket Income $110,000
Luxury Box -- Attendance: 934 (93.40%) -- Ticket Income $180,262
Game was played at the SAP Center at San Jose.
Total Attendance: 19496 (97.48%)
Total Ticket Income: $1,237,080
Other Income: $432,978
Total Income: $1,670,058
Los Angeles Kings
5 vs 5 Forward
Center Left Wing Right Wing Time % Phy DF OF
1 Nicklas Backstrom Dominik Kubalik Kirby Dach 30 1 2 2
2 Seth Jarvis Tyler Gaudet Andrei Svechnikov 30 1 2 2
3 Peyton Krebs Vitaly Kravtsov Ryan Reaves 25 1 2 2
4 Cooper Marody Matt Tennyson Evan Polei 15 1 2 2
5 vs 5 Defense
Defense Defense Time % Phy DF OF
1 Noah Dobson K'Andre Miller 35 1 2 2
2 Mike Matheson Erik Brannstrom 35 1 2 2
3 Jakub Zboril Rasmus Sandin 30 1 2 2
4 Noah Dobson K'Andre Miller 0 1 2 2
PowerPlay Forward
Center Left Wing Right Wing Time % Phy DF OF
1 Nicklas Backstrom Dominik Kubalik Kirby Dach 50 1 2 2
2 Seth Jarvis Tyler Gaudet Andrei Svechnikov 50 1 2 2
PowerPlay Defense
Defense Defense Time % Phy DF OF
1 Noah Dobson K'Andre Miller 50 1 2 2
2 Mike Matheson Erik Brannstrom 50 1 2 2
Penalty Kill 4 Players Forward
Center Wing Time % Phy DF OF
1 Peyton Krebs Evan Polei 50 1 2 2
2 Cooper Marody Vitaly Kravtsov 50 1 2 2
Penalty Kill 4 Players Defense
Defense Defense Time % Phy DF OF
1 Noah Dobson K'Andre Miller 50 1 2 2
2 Mike Matheson Erik Brannstrom 50 1 2 2
Penalty Kill - 3 Players Forward
Forward Time % Phy DF OF
1 Peyton Krebs 50 1 2 2
2 Cooper Marody 50 1 2 2
Penalty Kill - 3 Players Defense
Defense Defense Time % Phy DF OF
1 Noah Dobson K'Andre Miller 50 1 2 2
2 Mike Matheson Erik Brannstrom 50 1 2 2
4 vs 4 Forward
Center Wing Time % Phy DF OF
1 Nicklas Backstrom Dominik Kubalik 50 1 2 2
2 Kirby Dach Seth Jarvis 50 1 2 2
4 vs 4 Defense
Defense Defense Time % Phy DF OF
1 Noah Dobson K'Andre Miller 50 1 2 2
2 Mike Matheson Erik Brannstrom 50 1 2 2
Last Minutes Offensive
Center Left Wing Right Wing Defense Defense
Nicklas Backstrom Dominik Kubalik Kirby Dach Noah Dobson K'Andre Miller
Last Minutes Defensive
Center Left Wing Right Wing Defense Defense
Nicklas Backstrom Dominik Kubalik Kirby Dach Noah Dobson K'Andre Miller
Goaltenders
Starting : Jonas Johansson
Backup : John Gibson
Extra Forwards
Normal : Evan Polei, Peyton Krebs, Ryan Reaves - PP : Evan Polei, Peyton Krebs - PK : Ryan Reaves
Extra Defensemen
Normal : Jakub Zboril, Rasmus Sandin, Mike Matheson - PP : Jakub Zboril - PK : Rasmus Sandin, Mike Matheson
Penalty Shots
Tyler Gaudet, Nicklas Backstrom, Kirby Dach, Dominik Kubalik, Andrei Svechnikov
San Jose Sharks
5 vs 5 Forward
Center Left Wing Right Wing Time % Phy DF OF
1 Ryan Hartman William Karlsson Oliver Bjorkstrand 30 1 2 2
2 Nick Paul Michael Bunting Jakob Silfverberg 30 1 2 2
3 Andreas Athanasiou Tanner Pearson Jesper Fast 25 1 2 2
4 Rem Pitlick Sonny Milano Mike Hoffman 15 1 2 2
5 vs 5 Defense
Defense Defense Time % Phy DF OF
1 David Savard Derek Forbort 35 1 2 2
2 Slater Koekkoek Joel Edmundson 35 1 2 2
3 Henri Jokiharju Jacob Middleton 30 1 2 2
4 David Savard Derek Forbort 0 1 2 2
PowerPlay Forward
Center Left Wing Right Wing Time % Phy DF OF
1 Ryan Hartman William Karlsson Oliver Bjorkstrand 50 1 2 2
2 Nick Paul Michael Bunting Jakob Silfverberg 50 1 2 2
PowerPlay Defense
Defense Defense Time % Phy DF OF
1 Henri Jokiharju Derek Forbort 50 1 2 2
2 Jacob Middleton Joel Edmundson 50 1 2 2
Penalty Kill 4 Players Forward
Center Wing Time % Phy DF OF
1 Rem Pitlick Jesper Fast 50 1 2 2
2 Andreas Athanasiou Tanner Pearson 50 1 2 2
Penalty Kill 4 Players Defense
Defense Defense Time % Phy DF OF
1 Jacob Middleton Derek Forbort 50 1 2 2
2 Henri Jokiharju Joel Edmundson 50 1 2 2
Penalty Kill - 3 Players Forward
Forward Time % Phy DF OF
1 Jesper Fast 50 1 2 2
2 Tanner Pearson 50 1 2 2
Penalty Kill - 3 Players Defense
Defense Defense Time % Phy DF OF
1 Henri Jokiharju Derek Forbort 50 1 2 2
2 David Savard Joel Edmundson 50 1 2 2
4 vs 4 Forward
Center Wing Time % Phy DF OF
1 Ryan Hartman William Karlsson 50 1 2 2
2 Oliver Bjorkstrand Jakob Silfverberg 50 1 2 2
4 vs 4 Defense
Defense Defense Time % Phy DF OF
1 David Savard Derek Forbort 50 1 2 2
2 Henri Jokiharju Joel Edmundson 50 1 2 2
Last Minutes Offensive
Center Left Wing Right Wing Defense Defense
Ryan Hartman William Karlsson Oliver Bjorkstrand Slater Koekkoek Derek Forbort
Last Minutes Defensive
Center Left Wing Right Wing Defense Defense
Rem Pitlick Tanner Pearson Jesper Fast Slater Koekkoek Derek Forbort
Goaltenders
Starting : Marc-Andre Fleury
Backup : Malcolm Subban
Extra Forwards
Normal : Sonny Milano, Jesper Fast, Tanner Pearson - PP : Sonny Milano, Jesper Fast - PK : Tanner Pearson
Extra Defensemen
Normal : Henri Jokiharju, Jacob Middleton, Derek Forbort - PP : Henri Jokiharju - PK : Jacob Middleton, Derek Forbort
Penalty Shots
Ryan Hartman, William Karlsson, Oliver Bjorkstrand, Jakob Silfverberg, Nick Paul
% Time on Ice - Los Angeles Kings
Lines # - Real PCT - Wanted PCT - Time Play
Normal Forward
1 - 29% - 30% - 13:41
2 - 30% - 30% - 14:18
3 - 26% - 25% - 12:04
4 - 15% - 15% - 7:13
Normal Defense
1 - 34% - 35% - 16:00
2 - 35% - 35% - 16:36
3 - 31% - 30% - 14:40
4 - 0% - 0% - 0:00
PP Forward
1 - 54% - 50% - 1:55
2 - 46% - 50% - 1:38
PP Defense
1 - 48% - 50% - 1:42
2 - 52% - 50% - 1:51
PK Forward
1 - 55% - 50% - 4:47
2 - 45% - 50% - 3:59
PK Defense
1 - 52% - 50% - 4:36
2 - 48% - 50% - 4:10
PK3 Forward
1 - 0% - 50%
2 - 0% - 50%
PK3 Defense
1 - 0% - 50%
2 - 0% - 50%
44 Forward
1 - 40% - 50% - 0:10
2 - 60% - 50% - 0:15
44 Defense
1 - 100% - 50% - 0:25
2 - 0% - 50% - 0:00
Last Minute Offensive - 0:00
Last Minute Defensive - 0:00
Total
Forward - 60:00
Defense - 60:00
|
% Time on Ice - San Jose Sharks
Lines # - Real PCT - Wanted PCT - Time Play
Normal Forward
1 - 29% - 30% - 13:50
2 - 29% - 30% - 13:55
3 - 27% - 25% - 12:41
4 - 14% - 15% - 6:50
Normal Defense
1 - 35% - 35% - 16:37
2 - 35% - 35% - 16:44
3 - 28% - 30% - 13:25
4 - 1% - 0% - 0:30
PP Forward
1 - 49% - 50% - 4:19
2 - 51% - 50% - 4:27
PP Defense
1 - 48% - 50% - 4:10
2 - 52% - 50% - 4:36
PK Forward
1 - 54% - 50% - 1:56
2 - 46% - 50% - 1:37
PK Defense
1 - 49% - 50% - 1:44
2 - 51% - 50% - 1:49
PK3 Forward
1 - 0% - 50%
2 - 0% - 50%
PK3 Defense
1 - 0% - 50%
2 - 0% - 50%
44 Forward
1 - 84% - 50% - 0:21
2 - 16% - 50% - 0:04
44 Defense
1 - 100% - 50% - 0:25
2 - 0% - 50% - 0:00
Last Minute Offensive - 0:00
Last Minute Defensive - 0:00
Total
Forward - 60:00
Defense - 60:00
|
Play-by-Play
1st period
0:01 of 1st period - Ryan Hartman wins face-off versus Nicklas Backstrom in neutral zone.
2:22 of 1st period - Snap shot by Jakob Silfverberg.
2:22 of 1st period - Shot Misses the Net.
2:24 of 1st period - Slapshot by David Savard.
2:24 of 1st period - Deflect By Michael Bunting.
2:24 of 1st period - Stopped by Jonas Johansson without a rebound.
2:25 of 1st period - Ryan Hartman wins face-off versus Dominik Kubalik in Los Angeles Kings zone.
2:55 of 1st period - Slapshot by Jakob Silfverberg.
2:55 of 1st period - Stopped by Jonas Johansson with a rebound.
2:57 of 1st period - Slapshot by Jacob Middleton.
2:57 of 1st period - Stopped by Jonas Johansson without a rebound.
2:58 of 1st period - Andreas Athanasiou wins face-off versus Peyton Krebs in Los Angeles Kings zone.
3:34 of 1st period - Off-side.
3:35 of 1st period - Rem Pitlick wins face-off versus Evan Polei in neutral zone.
3:51 of 1st period - Slapshot by Mike Matheson.
3:51 of 1st period - Stopped by Marc-Andre Fleury without a rebound.
3:52 of 1st period - Ryan Hartman wins face-off versus Nicklas Backstrom in San Jose Sharks zone.
4:53 of 1st period - Wrist shot by Andreas Athanasiou.
4:53 of 1st period - Shot Misses the Net.
5:23 of 1st period - Slapshot by Ryan Hartman.
5:23 of 1st period - Stopped by Jonas Johansson with a rebound.
5:59 of 1st period - Snap shot by Jakob Silfverberg.
5:59 of 1st period - Shot Blocked by Noah Dobson.
6:31 of 1st period - Wrist shot by Cooper Marody.
6:31 of 1st period - Shot Misses the Net.
7:00 of 1st period - Wrist shot by Nicklas Backstrom.
7:00 of 1st period - Stopped by Marc-Andre Fleury with a rebound.
7:16 of 1st period - K'Andre Miller is hit by Derek Forbort and loses puck.
7:56 of 1st period - Rem Pitlick is hit by Cooper Marody and loses puck.
8:01 of 1st period - Wrist shot by Matt Tennyson.
8:01 of 1st period - Stopped by Marc-Andre Fleury with a rebound.
8:13 of 1st period - Derek Forbort is hit by Rasmus Sandin and loses puck.
8:24 of 1st period - Snap shot by Ryan Hartman.
8:24 of 1st period - Shot Misses the Net.
8:41 of 1st period - Mike Matheson is hit by Jakob Silfverberg and loses puck.
9:07 of 1st period - Erik Brannstrom is hit by Tanner Pearson and loses puck.
9:22 of 1st period - K'Andre Miller is hit by David Savard.
9:26 of 1st period - Snap shot by Mike Hoffman.
9:26 of 1st period - Shot Blocked by K'Andre Miller.
9:28 of 1st period - Wrist shot by Rem Pitlick.
9:28 of 1st period - Stopped by Jonas Johansson with a rebound.
9:47 of 1st period - Kirby Dach is hit by Slater Koekkoek.
9:51 of 1st period - Ryan Hartman is hit by Rasmus Sandin.
10:30 of 1st period - Jesper Fast is hit by Peyton Krebs and loses puck.
10:53 of 1st period - Henri Jokiharju is hit by Vitaly Kravtsov and loses puck.
11:20 of 1st period - Peyton Krebs is hit by David Savard and loses puck.
11:27 of 1st period - Derek Forbort is hit by Jakub Zboril and loses puck.
11:58 of 1st period - Snap shot by Ryan Reaves.
11:58 of 1st period - Shot Misses the Net.
12:10 of 1st period - Slapshot by Rasmus Sandin.
12:10 of 1st period - Shot Misses the Net.
12:12 of 1st period - Wrist shot by Ryan Reaves.
12:12 of 1st period - Shot Blocked by Derek Forbort.
12:14 of 1st period - Slapshot by Mike Matheson.
12:14 of 1st period - Stopped by Marc-Andre Fleury with a rebound.
12:22 of 1st period - Snap shot by Ryan Reaves.
12:22 of 1st period - Shot Blocked by David Savard.
12:28 of 1st period - Snap shot by Rasmus Sandin.
12:28 of 1st period - Shot Misses the Net.
12:30 of 1st period - Slapshot by Matt Tennyson.
12:30 of 1st period - Shot Misses the Net.
12:32 of 1st period - Snap shot by Peyton Krebs.
12:32 of 1st period - Deflect By Andreas Athanasiou.
12:32 of 1st period - Stopped by Marc-Andre Fleury with a rebound.
12:34 of 1st period - Slapshot by Mike Matheson.
12:34 of 1st period - Stopped by Marc-Andre Fleury without a rebound.
12:35 of 1st period - Nicklas Backstrom wins face-off versus Nick Paul in San Jose Sharks zone.
12:38 of 1st period - Snap shot by Dominik Kubalik.
12:38 of 1st period - Deflect By Nicklas Backstrom.
12:38 of 1st period - Shot Misses the Net.
12:38 of 1st period - Puck is out of play.
12:39 of 1st period - Nicklas Backstrom wins face-off versus Nick Paul in San Jose Sharks zone.
12:40 of 1st period - Snap shot by Dominik Kubalik.
12:40 of 1st period - Shot Misses the Net.
12:54 of 1st period - Snap shot by Michael Bunting.
12:54 of 1st period - Shot Blocked by Noah Dobson.
13:04 of 1st period - William Karlsson is hit by Seth Jarvis and loses puck.
13:28 of 1st period - Off-side.
13:29 of 1st period - Cooper Marody wins face-off versus Rem Pitlick in neutral zone.
13:34 of 1st period - Snap shot by Cooper Marody.
13:34 of 1st period - Shot Blocked by Henri Jokiharju.
13:54 of 1st period - Michael Bunting is hit by Erik Brannstrom.
13:57 of 1st period - Off-side.
13:58 of 1st period - Nick Paul wins face-off versus Nicklas Backstrom in neutral zone.
14:30 of 1st period - Snap shot by William Karlsson.
14:30 of 1st period - Stopped by Jonas Johansson without a rebound.
14:31 of 1st period - Ryan Hartman wins face-off versus Nicklas Backstrom in Los Angeles Kings zone.
14:42 of 1st period - Slapshot by Jakub Zboril.
14:42 of 1st period - Shot Blocked by Slater Koekkoek.
14:58 of 1st period - Nick Paul is hit by Tyler Gaudet and loses puck.
15:31 of 1st period - Joel Edmundson is hit by Andrei Svechnikov and loses puck.
15:53 of 1st period - Snap shot by Michael Bunting.
15:53 of 1st period - Shot Blocked by Mike Matheson.
16:07 of 1st period - Wrist shot by Michael Bunting.
16:07 of 1st period - Stopped by Jonas Johansson with a rebound.
16:53 of 1st period - Slapshot by Michael Bunting.
16:53 of 1st period - Stopped by Jonas Johansson without a rebound.
16:54 of 1st period - Nicklas Backstrom wins face-off versus Ryan Hartman in Los Angeles Kings zone.
17:09 of 1st period - Snap shot by Oliver Bjorkstrand.
17:09 of 1st period - Shot Misses the Net.
17:11 of 1st period - Wrist shot by William Karlsson.
17:11 of 1st period - Shot Misses the Net.
17:30 of 1st period - Off-side.
17:31 of 1st period - Peyton Krebs wins face-off versus Ryan Hartman in neutral zone.
17:34 of 1st period - Wrist shot by Rasmus Sandin.
17:34 of 1st period - Stopped by Marc-Andre Fleury without a rebound.
17:35 of 1st period - Ryan Hartman wins face-off versus Peyton Krebs in San Jose Sharks zone.
17:50 of 1st period - Snap shot by Oliver Bjorkstrand.
17:50 of 1st period - Shot Blocked by Peyton Krebs.
18:04 of 1st period - Slapshot by Rasmus Sandin.
18:04 of 1st period - Deflect By Peyton Krebs.
18:04 of 1st period - Goal by Peyton Krebs - Los Angeles Kings : 1 - San Jose Sharks : 0.
18:05 of 1st period - Nicklas Backstrom wins face-off versus Oliver Bjorkstrand in neutral zone.
18:19 of 1st period - Wrist shot by Ryan Hartman.
18:19 of 1st period - Shot Misses the Net.
18:21 of 1st period - Snap shot by Jacob Middleton.
18:21 of 1st period - Stopped by Jonas Johansson without a rebound.
18:22 of 1st period - Cooper Marody wins face-off versus Rem Pitlick in Los Angeles Kings zone.
18:35 of 1st period - Matt Tennyson is hit by Derek Forbort and loses puck.
18:53 of 1st period - Slapshot by Ryan Hartman.
18:53 of 1st period - Stopped by Jonas Johansson with a rebound.
19:43 of 1st period - Slapshot by Peyton Krebs.
19:43 of 1st period - Shot Misses the Net.
Goals for this period are 1 for Los Angeles Kings vs 0 for San Jose Sharks.
Shots for this period are 8 for Los Angeles Kings vs 10 for San Jose Sharks.
2nd period
0:01 of 2nd period - Nicklas Backstrom wins face-off versus William Karlsson in neutral zone.
0:04 of 2nd period - Snap shot by Dominik Kubalik.
0:04 of 2nd period - Shot Blocked by William Karlsson.
0:06 of 2nd period - Slapshot by Dominik Kubalik.
0:06 of 2nd period - Stopped by Marc-Andre Fleury with a rebound.
0:10 of 2nd period - Wrist shot by Dominik Kubalik.
0:10 of 2nd period - Deflect By Nicklas Backstrom.
0:10 of 2nd period - Shot Misses the Net.
0:10 of 2nd period - Puck is out of play.
0:11 of 2nd period - Nicklas Backstrom wins face-off versus Ryan Hartman in San Jose Sharks zone.
0:14 of 2nd period - Wrist shot by Nicklas Backstrom.
0:14 of 2nd period - Deflect By Dominik Kubalik.
0:14 of 2nd period - Shot Misses the Net.
0:14 of 2nd period - Puck is out of play.
0:15 of 2nd period - Ryan Hartman wins face-off versus Dominik Kubalik in San Jose Sharks zone.
0:22 of 2nd period - Snap shot by Ryan Hartman.
0:22 of 2nd period - Stopped by Jonas Johansson with a rebound.
0:43 of 2nd period - Michael Bunting is hit by Rasmus Sandin and loses puck.
0:53 of 2nd period - Icing by Michael Bunting.
0:54 of 2nd period - Nick Paul wins face-off versus Cooper Marody in San Jose Sharks zone.
1:28 of 2nd period - Off-side.
1:29 of 2nd period - William Karlsson wins face-off versus Seth Jarvis in neutral zone.
1:34 of 2nd period - Snap shot by Ryan Hartman.
1:34 of 2nd period - Stopped by Jonas Johansson without a rebound.
1:35 of 2nd period - Ryan Hartman wins face-off versus Seth Jarvis in Los Angeles Kings zone.
2:26 of 2nd period - Off-side.
2:27 of 2nd period - Ryan Hartman wins face-off versus Seth Jarvis in neutral zone.
2:37 of 2nd period - Andrei Svechnikov is hit by Joel Edmundson and loses puck.
3:49 of 2nd period - Minor Penalty to Evan Polei for Delaying the game.
3:50 of 2nd period - Peyton Krebs wins face-off versus Ryan Hartman in Los Angeles Kings zone.
4:01 of 2nd period - Cooper Marody is hit by Ryan Hartman and loses puck.
4:18 of 2nd period - Wrist shot by William Karlsson.
4:18 of 2nd period - Goal by William Karlsson - Los Angeles Kings : 1 - San Jose Sharks : 1.
4:19 of 2nd period - William Karlsson wins face-off versus Nicklas Backstrom in neutral zone.
4:24 of 2nd period - Snap shot by Oliver Bjorkstrand.
4:24 of 2nd period - Shot Blocked by K'Andre Miller.
4:30 of 2nd period - Slapshot by Ryan Hartman.
4:30 of 2nd period - Stopped by Jonas Johansson without a rebound.
4:31 of 2nd period - Nick Paul wins face-off versus Nicklas Backstrom in Los Angeles Kings zone.
5:50 of 2nd period - Slapshot by Sonny Milano.
5:50 of 2nd period - Stopped by Jonas Johansson without a rebound.
5:51 of 2nd period - Nick Paul wins face-off versus Evan Polei in Los Angeles Kings zone.
5:52 of 2nd period - Snap shot by Michael Bunting.
5:52 of 2nd period - Shot Misses the Net.
6:04 of 2nd period - Wrist shot by Cooper Marody.
6:04 of 2nd period - Stopped by Marc-Andre Fleury without a rebound.
6:05 of 2nd period - Ryan Hartman wins face-off versus Seth Jarvis in San Jose Sharks zone.
6:05 of 2nd period - Ryan Hartman is hit by Tyler Gaudet.
6:56 of 2nd period - Snap shot by Peyton Krebs.
6:56 of 2nd period - Stopped by Marc-Andre Fleury with a rebound.
7:16 of 2nd period - Jakub Zboril is hit by Derek Forbort and loses puck.
7:35 of 2nd period - Wrist shot by Mike Hoffman.
7:35 of 2nd period - Shot Misses the Net.
7:37 of 2nd period - Backhand shot by Oliver Bjorkstrand.
7:37 of 2nd period - Shot Misses the Net.
7:39 of 2nd period - Wrist shot by Oliver Bjorkstrand.
7:39 of 2nd period - Shot Hit the Post.
7:41 of 2nd period - Slapshot by Joel Edmundson.
7:41 of 2nd period - Deflect By Ryan Hartman.
7:41 of 2nd period - Shot Misses the Net.
7:41 of 2nd period - Puck is out of play.
7:42 of 2nd period - Andreas Athanasiou wins face-off versus Nicklas Backstrom in Los Angeles Kings zone.
7:43 of 2nd period - Wrist shot by Tanner Pearson.
7:43 of 2nd period - Shot Misses the Net.
8:40 of 2nd period - Minor Penalty to Jacob Middleton for Hooking.
8:41 of 2nd period - Rem Pitlick wins face-off versus Dominik Kubalik in San Jose Sharks zone.
9:01 of 2nd period - Wrist shot by Jesper Fast.
9:01 of 2nd period - Shot Misses the Net.
9:26 of 2nd period - Slapshot by Tanner Pearson.
9:26 of 2nd period - Shot Blocked by Erik Brannstrom.
10:40 of 2nd period - Penalty to Jacob Middleton is over, Jacob Middleton is back on ice.
11:07 of 2nd period - Evan Polei is hit by Ryan Hartman and loses puck.
11:14 of 2nd period - Slapshot by Oliver Bjorkstrand.
11:14 of 2nd period - Stopped by Jonas Johansson with a rebound.
11:26 of 2nd period - Vitaly Kravtsov is hit by David Savard.
12:01 of 2nd period - Noah Dobson is hit by Jacob Middleton and loses puck.
12:22 of 2nd period - Erik Brannstrom is hit by Slater Koekkoek and loses puck.
12:41 of 2nd period - Rem Pitlick is hit by Dominik Kubalik and loses puck.
14:00 of 2nd period - Slapshot by Andreas Athanasiou.
14:00 of 2nd period - Deflect By Tanner Pearson.
14:00 of 2nd period - Shot Misses the Net.
14:00 of 2nd period - Puck is out of play.
14:01 of 2nd period - Andreas Athanasiou wins face-off versus Peyton Krebs in Los Angeles Kings zone.
14:41 of 2nd period - Minor Penalty to Erik Brannstrom for Holding Stick.
14:42 of 2nd period - Peyton Krebs wins face-off versus Nick Paul in Los Angeles Kings zone.
15:06 of 2nd period - Jakob Silfverberg is hit by Vitaly Kravtsov and loses puck.
15:13 of 2nd period - Vitaly Kravtsov is hit by Jacob Middleton and loses puck.
15:34 of 2nd period - Slapshot by Jakob Silfverberg.
15:34 of 2nd period - Shot Misses the Net.
15:36 of 2nd period - Slapshot by Jacob Middleton.
15:36 of 2nd period - Stopped by Jonas Johansson with a rebound.
15:38 of 2nd period - Slapshot by Michael Bunting.
15:38 of 2nd period - Deflect By Nick Paul.
15:38 of 2nd period - Shot Blocked by Peyton Krebs.
15:38 of 2nd period - Puck is out of play.
15:39 of 2nd period - Peyton Krebs wins face-off versus Ryan Hartman in Los Angeles Kings zone.
15:48 of 2nd period - Snap shot by William Karlsson.
15:48 of 2nd period - Goal by William Karlsson - Los Angeles Kings : 1 - San Jose Sharks : 2.
15:49 of 2nd period - Kirby Dach wins face-off versus Andreas Athanasiou in neutral zone.
16:02 of 2nd period - Dominik Kubalik is hit by Jacob Middleton and loses puck.
16:26 of 2nd period - Snap shot by Seth Jarvis.
16:26 of 2nd period - Shot Blocked by David Savard.
16:28 of 2nd period - Snap shot by Tyler Gaudet.
16:28 of 2nd period - Shot Misses the Net.
16:38 of 2nd period - Snap shot by Oliver Bjorkstrand.
16:38 of 2nd period - Stopped by Jonas Johansson with a rebound.
16:40 of 2nd period - Snap shot by Ryan Hartman.
16:40 of 2nd period - Shot Misses the Net.
16:42 of 2nd period - Slapshot by Slater Koekkoek.
16:42 of 2nd period - Stopped by Jonas Johansson with a rebound.
16:44 of 2nd period - Slapshot by Slater Koekkoek.
16:44 of 2nd period - Shot Blocked by Jakub Zboril.
16:57 of 2nd period - Icing by Slater Koekkoek.
16:58 of 2nd period - Cooper Marody wins face-off versus Rem Pitlick in San Jose Sharks zone.
16:59 of 2nd period - Slapshot by Erik Brannstrom.
16:59 of 2nd period - Deflect By Cooper Marody.
16:59 of 2nd period - Stopped by Marc-Andre Fleury with a rebound.
17:05 of 2nd period - Snap shot by Sonny Milano.
17:05 of 2nd period - Shot Misses the Net.
17:07 of 2nd period - Slapshot by Joel Edmundson.
17:07 of 2nd period - Stopped by Jonas Johansson without a rebound.
17:08 of 2nd period - Nicklas Backstrom wins face-off versus Nick Paul in Los Angeles Kings zone.
17:21 of 2nd period - Wrist shot by Kirby Dach.
17:21 of 2nd period - Shot Misses the Net.
17:23 of 2nd period - Snap shot by Dominik Kubalik.
17:23 of 2nd period - Stopped by Marc-Andre Fleury without a rebound.
17:24 of 2nd period - Ryan Hartman wins face-off versus Seth Jarvis in San Jose Sharks zone.
17:31 of 2nd period - Slapshot by Seth Jarvis.
17:31 of 2nd period - Shot Misses the Net.
17:35 of 2nd period - Snap shot by Seth Jarvis.
17:35 of 2nd period - Shot Misses the Net.
17:51 of 2nd period - Wrist shot by Kirby Dach.
17:51 of 2nd period - Deflect By Dominik Kubalik.
17:51 of 2nd period - Shot Blocked by David Savard.
17:51 of 2nd period - Puck is out of play.
17:52 of 2nd period - Nicklas Backstrom wins face-off versus Nick Paul in San Jose Sharks zone.
17:59 of 2nd period - Wrist shot by Kirby Dach.
17:59 of 2nd period - Stopped by Marc-Andre Fleury with a rebound.
18:07 of 2nd period - Slapshot by Joel Edmundson.
18:07 of 2nd period - Stopped by Jonas Johansson with a rebound.
18:21 of 2nd period - Snap shot by Andrei Svechnikov.
18:21 of 2nd period - Shot Blocked by Joel Edmundson.
18:23 of 2nd period - Snap shot by Andrei Svechnikov.
18:23 of 2nd period - Shot Misses the Net.
18:25 of 2nd period - Slapshot by Rasmus Sandin.
18:25 of 2nd period - Stopped by Marc-Andre Fleury without a rebound.
18:26 of 2nd period - Peyton Krebs wins face-off versus Ryan Hartman in San Jose Sharks zone.
18:27 of 2nd period - Slapshot by Noah Dobson.
18:27 of 2nd period - Deflect By Peyton Krebs.
18:27 of 2nd period - Shot Misses the Net.
18:27 of 2nd period - Puck is out of play.
18:28 of 2nd period - Ryan Hartman wins face-off versus Peyton Krebs in San Jose Sharks zone.
18:28 of 2nd period - Ryan Hartman is hit by Peyton Krebs.
18:38 of 2nd period - Snap shot by Ryan Reaves.
18:38 of 2nd period - Shot Blocked by Jacob Middleton.
18:54 of 2nd period - Snap shot by Andrei Svechnikov.
18:54 of 2nd period - Stopped by Marc-Andre Fleury without a rebound.
18:55 of 2nd period - Jesper Fast wins face-off versus Seth Jarvis in San Jose Sharks zone.
19:21 of 2nd period - Jesper Fast is hit by Mike Matheson and loses puck.
Goals for this period are 0 for Los Angeles Kings vs 2 for San Jose Sharks.
Shots for this period are 8 for Los Angeles Kings vs 12 for San Jose Sharks.
3rd period
0:01 of 3rd period - Ryan Hartman wins face-off versus Seth Jarvis in neutral zone.
0:04 of 3rd period - Andrei Svechnikov is hit by Ryan Hartman.
0:14 of 3rd period - Wrist shot by Andrei Svechnikov.
0:14 of 3rd period - Stopped by Marc-Andre Fleury with a rebound.
0:39 of 3rd period - Snap shot by Kirby Dach.
0:39 of 3rd period - Shot Misses the Net.
1:03 of 3rd period - Nick Paul is hit by Vitaly Kravtsov and loses puck.
1:18 of 3rd period - Wrist shot by William Karlsson.
1:18 of 3rd period - Stopped by Jonas Johansson without a rebound.
1:19 of 3rd period - Ryan Hartman wins face-off versus Seth Jarvis in Los Angeles Kings zone.
1:20 of 3rd period - Snap shot by Oliver Bjorkstrand.
1:20 of 3rd period - Shot Hit the Post.
1:22 of 3rd period - Snap shot by Oliver Bjorkstrand.
1:22 of 3rd period - Stopped by Jonas Johansson with a rebound.
1:26 of 3rd period - Slapshot by Oliver Bjorkstrand.
1:26 of 3rd period - Deflect By William Karlsson.
1:26 of 3rd period - Stopped by Jonas Johansson without a rebound.
1:27 of 3rd period - Nick Paul wins face-off versus Seth Jarvis in Los Angeles Kings zone.
1:30 of 3rd period - Wrist shot by Jakob Silfverberg.
1:30 of 3rd period - Stopped by Jonas Johansson with a rebound.
1:32 of 3rd period - Wrist shot by Nick Paul.
1:32 of 3rd period - Stopped by Jonas Johansson with a rebound.
1:34 of 3rd period - Snap shot by Michael Bunting.
1:34 of 3rd period - Stopped by Jonas Johansson without a rebound.
1:35 of 3rd period - Nick Paul wins face-off versus Nicklas Backstrom in Los Angeles Kings zone.
2:05 of 3rd period - Wrist shot by Peyton Krebs.
2:05 of 3rd period - Stopped by Marc-Andre Fleury without a rebound.
2:06 of 3rd period - Ryan Hartman wins face-off versus Peyton Krebs in San Jose Sharks zone.
2:58 of 3rd period - Slapshot by Jakob Silfverberg.
2:58 of 3rd period - Goal by Jakob Silfverberg - Los Angeles Kings : 1 - San Jose Sharks : 3.
2:59 of 3rd period - Seth Jarvis wins face-off versus Oliver Bjorkstrand in neutral zone.
3:21 of 3rd period - Double Minor Penalty to Jakub Zboril for Roughing.
3:22 of 3rd period - Peyton Krebs wins face-off versus Ryan Hartman in Los Angeles Kings zone.
3:41 of 3rd period - Oliver Bjorkstrand is hit by Cooper Marody and loses puck.
4:18 of 3rd period - Snap shot by William Karlsson.
4:18 of 3rd period - Stopped by Jonas Johansson with a rebound.
4:20 of 3rd period - Snap shot by Derek Forbort.
4:20 of 3rd period - Shot Misses the Net.
4:22 of 3rd period - Wrist shot by Oliver Bjorkstrand.
4:22 of 3rd period - Shot Misses the Net.
4:24 of 3rd period - Snap shot by Ryan Hartman.
4:24 of 3rd period - Goal by Ryan Hartman - Los Angeles Kings : 1 - San Jose Sharks : 4.
4:25 of 3rd period - Cooper Marody wins face-off versus Nick Paul in neutral zone.
4:30 of 3rd period - Snap shot by Cooper Marody.
4:30 of 3rd period - Stopped by Marc-Andre Fleury with a rebound.
6:24 of 3rd period - Penalty to Jakub Zboril is over, Jakub Zboril is back on ice.
6:43 of 3rd period - Slapshot by Rasmus Sandin.
6:43 of 3rd period - Shot Blocked by Mike Hoffman.
7:26 of 3rd period - Icing by Tanner Pearson.
7:27 of 3rd period - Andreas Athanasiou wins face-off versus Seth Jarvis in San Jose Sharks zone.
7:27 of 3rd period - Andreas Athanasiou is hit by Andrei Svechnikov.
7:39 of 3rd period - Minor Penalty to Erik Brannstrom for Hooking.
7:40 of 3rd period - Nick Paul wins face-off versus Peyton Krebs in Los Angeles Kings zone.
8:10 of 3rd period - Off-side.
8:11 of 3rd period - Evan Polei wins face-off versus Ryan Hartman in neutral zone.
8:14 of 3rd period - Snap shot by Peyton Krebs.
8:14 of 3rd period - Stopped by Marc-Andre Fleury with a rebound.
8:16 of 3rd period - Snap shot by Evan Polei.
8:16 of 3rd period - Shot Blocked by William Karlsson.
8:36 of 3rd period - Derek Forbort is hit by Cooper Marody and loses puck.
9:01 of 3rd period - Joel Edmundson is hit by Evan Polei.
9:39 of 3rd period - Penalty to Erik Brannstrom is over, Erik Brannstrom is back on ice.
9:47 of 3rd period - Slapshot by Erik Brannstrom.
9:47 of 3rd period - Deflect By Nicklas Backstrom.
9:47 of 3rd period - Stopped by Marc-Andre Fleury with a rebound.
9:49 of 3rd period - Slapshot by Erik Brannstrom.
9:49 of 3rd period - Shot Misses the Net.
9:51 of 3rd period - Slapshot by Jakub Zboril.
9:51 of 3rd period - Stopped by Marc-Andre Fleury without a rebound.
9:52 of 3rd period - Andreas Athanasiou wins face-off versus Nicklas Backstrom in San Jose Sharks zone.
10:01 of 3rd period - Slapshot by Joel Edmundson.
10:01 of 3rd period - Stopped by Jonas Johansson without a rebound.
10:02 of 3rd period - Nicklas Backstrom wins face-off versus Ryan Hartman in Los Angeles Kings zone.
10:04 of 3rd period - Minor Penalty to K'Andre Miller for Hooking.
10:05 of 3rd period - Cooper Marody wins face-off versus Michael Bunting in Los Angeles Kings zone.
10:12 of 3rd period - Off-side.
10:13 of 3rd period - Evan Polei wins face-off versus Nick Paul in neutral zone.
10:16 of 3rd period - Slapshot by Noah Dobson.
10:16 of 3rd period - Shot Misses the Net.
12:04 of 3rd period - Penalty to K'Andre Miller is over, K'Andre Miller is back on ice.
12:10 of 3rd period - Snap shot by K'Andre Miller.
12:10 of 3rd period - Shot Misses the Net.
12:37 of 3rd period - Wrist shot by Henri Jokiharju.
12:37 of 3rd period - Shot Misses the Net.
12:41 of 3rd period - Backhand shot by Andreas Athanasiou.
12:41 of 3rd period - Deflect By Tanner Pearson.
12:41 of 3rd period - Stopped by Jonas Johansson without a rebound.
12:42 of 3rd period - Rem Pitlick wins face-off versus Seth Jarvis in Los Angeles Kings zone.
12:58 of 3rd period - Sonny Milano is hit by Mike Matheson and loses puck.
13:21 of 3rd period - Wrist shot by Michael Bunting.
13:21 of 3rd period - Shot Misses the Net.
13:43 of 3rd period - Ryan Reaves is hit by Tanner Pearson and loses puck.
14:06 of 3rd period - K'Andre Miller is hit by Jacob Middleton and loses puck.
14:30 of 3rd period - Oliver Bjorkstrand is hit by Andrei Svechnikov and loses puck.
14:41 of 3rd period - Michael Bunting is hit by K'Andre Miller and loses puck.
16:03 of 3rd period - Wrist shot by Tanner Pearson.
16:03 of 3rd period - Stopped by Jonas Johansson without a rebound.
16:04 of 3rd period - Nick Paul wins face-off versus Cooper Marody in Los Angeles Kings zone.
16:05 of 3rd period - Snap shot by Michael Bunting.
16:05 of 3rd period - Shot Misses the Net.
16:19 of 3rd period - Wrist shot by Jakob Silfverberg.
16:19 of 3rd period - Stopped by Jonas Johansson with a rebound.
16:42 of 3rd period - Wrist shot by Andrei Svechnikov.
16:42 of 3rd period - Stopped by Marc-Andre Fleury without a rebound.
16:43 of 3rd period - Tyler Gaudet wins face-off versus Ryan Hartman in San Jose Sharks zone.
16:44 of 3rd period - Snap shot by Andrei Svechnikov.
16:44 of 3rd period - Stopped by Marc-Andre Fleury with a rebound.
16:46 of 3rd period - Minor Penalty to Jacob Middleton for Elbowing.
16:47 of 3rd period - Andreas Athanasiou wins face-off versus Tyler Gaudet in San Jose Sharks zone.
17:36 of 3rd period - Mike Matheson is hit by Derek Forbort and loses puck.
18:20 of 3rd period - Minor Penalty to Nicklas Backstrom for Hooking.
18:21 of 3rd period - Kirby Dach wins face-off versus Ryan Hartman in Los Angeles Kings zone.
18:46 of 3rd period - Penalty to Jacob Middleton is over, Jacob Middleton is back on ice.
18:55 of 3rd period - Snap shot by Sonny Milano.
18:55 of 3rd period - Goal by Sonny Milano - Los Angeles Kings : 1 - San Jose Sharks : 5.
18:56 of 3rd period - Ryan Hartman wins face-off versus Nicklas Backstrom in neutral zone.
19:21 of 3rd period - Seth Jarvis is hit by Jacob Middleton and loses puck.
19:46 of 3rd period - Wrist shot by Jesper Fast.
19:46 of 3rd period - Shot Misses the Net.
19:48 of 3rd period - Wrist shot by Andreas Athanasiou.
19:48 of 3rd period - Stopped by Jonas Johansson with a rebound.
19:50 of 3rd period - Slapshot by Slater Koekkoek.
19:50 of 3rd period - Stopped by Jonas Johansson with a rebound.
19:52 of 3rd period - Slapshot by Joel Edmundson.
19:52 of 3rd period - Shot Misses the Net.
Goals for this period are 0 for Los Angeles Kings vs 3 for San Jose Sharks.
Shots for this period are 8 for Los Angeles Kings vs 16 for San Jose Sharks.
Back to the Top